 Dungeon Crawl Stone Soup version 0.29-a0-283-ga02f740833 (webtiles) character file.

Game seed: 17490203938673627677

63 Dabor the Skirmisher (level 4, -1/37 HPs)
             Began as a Formicid Abyssal Knight on Mar 13, 2022.
             Was a Believer of Lugonu.
             Succumbed to Crazy Yiuf's poison
             ... on level 2 of the Dungeon.
             The game lasted 00:03:34 (1456 turns).

Dabor the Skirmisher (Formicid Abyssal Knight)      Turns: 1456, Time: 00:03:35

Health: -1/37      AC:  9    Str: 17    XL:     4   Next: 30%
Magic:  5/6        EV: 10    Int: 10    God:    Lugonu [**....]
Gold:   79         SH:  0    Dex: 11    Spells: 3/3 levels left

rFire   x . .      SeeInvis +   o - +3 mace of Zeytuosch {holy, Fly Will+ rCorr Str-2}
rCold   + + .      Faith    .   (no shield)
rNeg    . . .      Spirit   .   n - +1 scale mail {rC+}
rPois   .          Reflect  .   (helmet unavailable)
rElec   .          Harm     .   (no cloak)
rCorr   +          Rampage  .   (no gloves)
Will    +....                   c - +1 pair of boots "Wytrib" {rF- rC+ Slay+6}
Stlth   ..........              (no amulet)
HPRegen 0.12/turn               (no ring)
MPRegen 0.10/turn               (no ring)

@: lethally poisoned (-1 -> -9), flying
A: permanent stasis, dig shafts and tunnels, antennae 3, four strong arms
a: Dig, Shaft Self, Renounce Religion, Depart the Abyss, Bend Space


You were on level 2 of the Dungeon.
You worshipped Lugonu.
Lugonu was pleased with you.
You visited 1 branch of the dungeon, and saw 2 of its levels.
You visited the Abyss 1 time.

You collected 79 gold pieces.

Inventory:

Hand Weapons
 a - a +1 spear
 o - the +3 mace of Zeytuosch (weapon) {holy, Fly Will+ rCorr Str-2}
   (You found it on level 2 of the Dungeon)

   It has been blessed by the Shining One to cause great damage to the undead
   and demons.
   Str:       It affects your strength (-2).
   Fly:       It grants you flight.
   rCorr:     It protects you from acid and corrosion.
   Will:      It increases your willpower.
Missiles
 i - 4 boomerangs (quivered)
Armour
 b - a +0 leather armour
 c - the +1 pair of boots "Wytrib" (worn) {rF- rC+ Slay+6}
   (You acquired it on level 1 of the Dungeon)

   Slay:      It affects your accuracy & damage with ranged weapons and melee
   (+6).
   rF:        It makes you vulnerable to fire.
   rC:        It protects you from cold.
 m - a +0 scale mail
 n - a +1 scale mail of cold resistance (worn)
Scrolls
 g - a scroll of identify {unknown}
 h - a scroll of holy word {unknown}
 j - a scroll of enchant armour {unknown}
 k - a scroll of noise {unknown}
 l - a scroll of enchant weapon {unknown}
Potions
 d - a potion of flight {unknown}
 f - 2 potions of berserk rage


   Skills:
 + Level 3.7 Fighting
 + Level 2.5 Polearms
 + Level 2.8 Armour
 + Level 1.6 Dodging
 + Level 3.0 Invocations


You had 3 spell levels left.
You didn't know any spells.
Your spell library was empty.

Dungeon Overview and Level Annotations

Branches:
Dungeon (2/15)

Altars:

Annotations:
D:2 Crazy Yiuf


Innate Abilities, Weirdness & Mutations

You cannot be hasted, slowed, berserked, paralysed or teleported.
You can dig through walls and to a lower floor.
You have a pair of large antennae on your head. (SInv)
Your four strong arms can wield two-handed weapons with a shield.


Message History

You closely miss Crazy Yiuf.
Crazy Yiuf hits you with a +2 quarterstaff of chaos!
You are poisoned.
You thump Crazy Yiuf!
Crazy Yiuf is moderately wounded.
You feel very sick. Crazy Yiuf barely misses you.
You hit Crazy Yiuf.
Crazy Yiuf is heavily wounded.
You feel very sick.
Crazy Yiuf hits you with a +2 quarterstaff of chaos.
Crazy Yiuf burns you.
Crazy Yiuf whimpers, "Cod!"
Crazy Yiuf hits you with a +2 quarterstaff of chaos!
* * * LOW HITPOINT WARNING * * *
Crazy Yiuf burns you.
* * * LOW HITPOINT WARNING * * *
It was a potion of berserk rage.
Your stasis prevents you from going berserk.
You feel sick.
Crazy Yiuf cries, "Snurf turtle pizzabubble!"
Crazy Yiuf closely misses you.
It was a potion of curing.
You feel better.
Crazy Yiuf whimpers, "Adder sing-song sallow!"
Crazy Yiuf barely misses you.
You hit Crazy Yiuf.
Crazy Yiuf is severely wounded.
Crazy Yiuf hits you but does no damage.
Your stasis prevents you from being slowed.
You hit Crazy Yiuf.
Crazy Yiuf is severely wounded.
Crazy Yiuf hits you with a +2 quarterstaff of chaos!
* * * LOW HITPOINT WARNING * * *
Crazy Yiuf burns you.
* * * LOW HITPOINT WARNING * * *
Crazy Yiuf hits you with a +2 quarterstaff of chaos.
* * * LOW HITPOINT WARNING * * *
You are lethally poisoned!
Space bends around you!
You blink.
You die...

##.#####.######## #
#...............#
#######################.#########
......##....)).##)..###..........
...#####..))...))..).##....†.....
#......#.......#####.##..########
#.............§#...#.##..#
...........))).g...#.##..#
.......#.))..).#@.)#.##..########
#.....##.......#####.#...........
......##)))......)...##..###.##.#
......#####....)...###.>.##..##.#
...#.##################..##..##.#
...#.###..# #....##.###..##..##.#
..........###....#...............
...#.###........................#
....................###..##..##.#


You could see Crazy Yiuf.

Vanquished Creatures
  Jessica (D:2)
  A worm (D:2)
  7 bats (D:1)
  2 endoplasms
  2 giant cockroaches (D:1)
  2 hobgoblins (D:1)
  4 jackals (D:2)
  A kobold (D:1)
  A quokka (D:1)
  A ball python (D:1)
  3 frilled lizards
  5 goblins
30 creatures vanquished.

Vanquished Creatures (others)
  8 plants (D:1)
  5 withered plants (D:1)
13 creatures vanquished.

Grand Total: 43 creatures vanquished

Notes
Turn   | Place    | Note
-------+----------+-------------------------------------------
     0 | Abyss:1  | Dabor the Formicid Abyssal Knight began the quest for the
                  | Orb.
     0 | Abyss:1  | Reached XP level 1. HP: 18/18 MP: 2/2
    50 | Abyss:3  | Noticed a raiju
    53 | Abyss:3  | Found a corrupted altar of Lugonu.
    66 | D:1      | Escaped the Abyss
   115 | D:1      | Identified a scroll of acquirement
   115 | D:1      | Acquired the +1 pair of boots "Wytrib" {rF- rC+ Slay+6}
   126 | D:1      | Reached skill level 1 in Dodging
   272 | D:1      | Reached XP level 2. HP: 24/24 MP: 3/3
   394 | D:1      | Reached ** piety under Lugonu
   539 | D:1      | Reached XP level 3. HP: 29/29 MP: 4/4
   663 | D:1      | Found a faded altar of an unknown god.
  1096 | D:2      | Noticed Jessica
  1098 | D:2      | Killed Jessica
  1099 | D:2      | Reached XP level 4. HP: 37/37 MP: 4/6
  1352 | D:2      | Found a runed translucent door.
  1414 | D:2      | Noticed Crazy Yiuf
  1435 | D:2      | Identified the +3 mace of Zeytuosch {holy, Fly Will+ rCorr
                  | Str-2}
  1456 | D:2      | Succumbed to Crazy Yiuf's poison

Illustrated notes

Levels and vault maps discovered:
D:1:      scummos_arrival_star, layout_loops_ring,
          shapermc_ecumenical_altar_flowoftime
D:2:      layout_basic, serial_shops, shop, grunt_decor_one_mirror,
          minmay_fractal_squares_5, uniq_crazy_yiuf_cottage, uniq_jessica

Skill      XL: |  1  2  3  4 |
---------------+-------------+-----
Dodging        | 1 |  1.6
Invocations    | 3 |  3.0
Fighting       | |  3.7
Polearms       | |  2.5
Armour         | |  2.8

Action                   |  1- 3 |  4- 6 || total
-------------------------+-------+-------++-------
Melee: Spear             |    79 |    19 ||    98
       Punch             |     2 |       ||     2
       Mace              |       |     5 ||     5
Invok: Depart the Abyss  |     1 |       ||     1
       Bend Space        |       |     1 ||     1
  Use: Scroll            |     2 |       ||     2
       Potion            |       |     2 ||     2
Armor: Leather armour    |    14 |       ||    14
       Scale mail        |       |     3 ||     3
Dodge: Dodged            |    26 |    11 ||    37

Table legend: (Time is in decaauts)
 A = Elapsed time spent in this place.
 B = Non-inter-level travel time spent in this place.
 C = Inter-level travel time spent in this place.
 D = Time resting spent in this place.
 E = Time spent auto-exploring this place.
 F = Levels seen in this place.
 G = Mean time per level.
                   A        B        C        D        E       F      G
               +--------+--------+--------+--------+--------+-----+--------+
         Total |   1455 |   1289 |    166 |      0 |    946 |   5 |  291.0 |
       Dungeon |   1389 |   1223 |    166 |      0 |    933 |   2 |  694.5 |
         Abyss |     65 |     65 |      0 |      0 |     13 |   3 |   21.7 |
               +--------+--------+--------+--------+--------+-----+--------+

Top non-repeatable levels by time:
     D:1: 1028 daAuts
     D:2: 361 daAuts
 Abyss:3: 35 daAuts
 Abyss:1: 15 daAuts
 Abyss:2: 14 daAuts
